 Dungeon Crawl Stone Soup version 0.27-a0-419-g7a85846853 (webtiles) character file.

Game seed: 9940380795730494511

44 Chiseanne the Skirmisher (level 3, 0/43 HPs)
             Began as a Demonspawn Wanderer on Feb 26, 2021.
             Succumbed to an adder's poison
             ... on level 2 of the Dungeon.
             The game lasted 00:01:34 (1879 turns).

Chiseanne the Skirmisher (Demonspawn Wanderer)      Turns: 1879, Time: 00:01:35

Health: 0/43       AC: 21    Str: 10    XL:     3   Next: 39%
Magic:  3/3        EV:  2    Int: 16    God:
Gold:   27         SH:  0    Dex: 12    Spells: 2/2 levels left

rFire    . . .     SeeInvis .   a - +0 dagger
rCold    + . .     Faith    .   (no shield)
rNeg     + + +     Spirit   .   (armour currently unavailable)
rPois    +         Reflect  .   (helmet currently unavailable)
rElec    .         Harm     .   (cloak currently unavailable)
rCorr    .         Rampage  .   (gloves currently unavailable)
Will     .....     NoTele   +   (boots currently unavailable)
Stlth    ++........             (no amulet)
HPRegen  0.14/turn              k - ring of protection from cold
MPRegen  0.08/turn              (no ring)

@: lethally poisoned (0 -> -1), tree-form
A: powered by death 1
a: no special abilities


You were on level 2 of the Dungeon.
You were a tree.
You visited 1 branch of the dungeon, and saw 2 of its levels.

You collected 27 gold pieces.

Inventory:

Hand Weapons
 a - a +0 dagger (weapon)
Missiles
 j - 23 stones (quivered)
 l - 13 arrows
Armour
 i - a +0 leather armour (melded)
Jewellery
 k - a ring of protection from cold (left branch)
Scrolls
 b - 2 scrolls of blinking
 c - a scroll of teleportation
 g - a scroll of identify {unknown}
 h - a scroll of enchant weapon {unknown}
 n - a scroll of enchant armour {unknown}
Potions
 e - a potion of mutation {unknown}
 f - a potion of haste
 m - a potion of curing {unknown}
 o - a potion of heal wounds {unknown}


   Skills:
 * Level 3.0 Fighting
 - Level 1.0 Staves
 * Level 2.7 Dodging
 - Level 2.6 Stealth
 - Level 1.0 Unarmed Combat
 - Level 1.0 Evocations


You had 2 spell levels left.
You didn't know any spells.
Your spell library was empty.

Dungeon Overview and Level Annotations

Branches:
Dungeon (2/15)

Altars:
Elyvilon
Nemelex Xobeh
Trog
Xom
The Shining One


Innate Abilities, Weirdness & Mutations

You regenerate a little health from kills.


Message History

The quokka twitches its whiskers.
The quokka barely misses you. The adder bites you but does no damage.
You hit the adder but do no damage.
The adder is severely wounded.
The quokka bites you.
* * * LOW HITPOINT WARNING * * *
The adder bites you but does no damage.
You closely miss the adder.
The adder is severely wounded.
The quokka bites you.
* * * LOW HITPOINT WARNING * * *
The adder bites you but does no damage. The adder closely misses you.
The quokka bites you.
* * * LOW HITPOINT WARNING * * *
Really quaff the potion of lignification?
You turn into a tree.
Your +0 leather armour melds into your body.
Your roots penetrate the ground.
The adder bites you but does no damage.
The quokka bites you but does no damage.
You barely miss the adder.
The adder is severely wounded.
You feel sick. The adder bites you but does no damage.
The quokka bites you but does no damage.
You miss the adder.
The adder is severely wounded.
The adder bites you but does no damage. The quokka barely misses you.
You barely miss the adder.
The adder is severely wounded.
The adder bites you but does no damage.
The quokka bites you but does no damage.
The adder bites you but does no damage.
You hit the adder.
The adder is severely wounded.
The quokka bites you but does no damage.
The adder bites you.
* * * LOW HITPOINT WARNING * * *
The quokka completely misses you.
You hit the adder.
The adder is almost dead.
You die...

.÷<.## ....# ... ...)#
#.###..## ....#
#.#.....# # ....###
##.#.#)#.##.# ......#
.......... ...†..#
#.#.#.#.# ...#..## #
#.#.....#### #.##..##.#.
#...♣S......
......)..#.##..##r######
#.>............# .#
......#..#.#..## ##
..##.##..#.#.##
.<...##......#
...##.....#..###.####
[...#.#..............
##..#.#......########


You could see an adder and a quokka.

Vanquished Creatures
  2 adders
  A worm (D:2)
  A giant cockroach (D:1)
  4 goblins
  2 hobgoblins (D:1)
  5 kobolds
  A quokka (D:2)
  4 bats
  2 frilled lizards (D:1)
  3 rats
25 creatures vanquished.

Notes
Turn   | Place    | Note
-------+----------+-------------------------------------------
     0 | D:1      | Chiseanne the Demonspawn Wanderer began the quest for the
                  | Orb.
     0 | D:1      | Chiseanne set off with the following items: a +0 dagger, a
                  | scroll of blinking, a scroll of teleportation, a potion of
                  | lignification, a +0 robe, a potion of haste
     0 | D:1      | Reached XP level 1. HP: 16/16 MP: 1/1
   437 | D:1      | Gained mutation: You regenerate a little health from kills.
                  | [demonic ancestry]
   437 | D:1      | Reached XP level 2. HP: 23/23 MP: 2/2
   869 | D:1      | Found a shadowy altar of Dithmenos.
   872 | D:1      | Found a sparkling altar of Nemelex Xobeh.
   872 | D:1      | Found a white marble altar of Elyvilon.
   874 | D:1      | Found a bloodstained altar of Trog.
   874 | D:1      | Found a shimmering altar of Xom.
   874 | D:1      | Found a glowing golden altar of the Shining One.
  1200 | D:2      | Reached XP level 3. HP: 15/28 MP: 3/3
  1572 | D:2      | Reached skill level 3 in Fighting
  1878 | D:2      | HP: 1/43 [adder (3)]
  1879 | D:2      | Succumbed to an adder's poison

Illustrated notes

Levels and vault maps discovered:
D:1:      kilobyte_arrival_exit_the_forest, layout_basic, doesnt_xom_only_xom
D:2:      layout_loops_ring, nrook_loot_triangle

Skill      XL: |  1  2  3 |
---------------+----------+-----
Dodging        | 2 |  2.7
Fighting       | 3 |  3.0
Staves         | |  1.0
Stealth        | |  2.6
Unarmed Combat | |  1.0
Evocations     | |  1.0

Action                   || total
-------------------------++-------
Melee: Dagger            ||   145
  Use: Potion            ||     1
 Stab: Sleeping          ||     3
Armor: Robe              ||     6
       Leather armour    ||    36
       Skin              ||     9
Dodge: Dodged            ||   120

Table legend: (Time is in decaauts)
 A = Elapsed time spent in this place.
 B = Non-inter-level travel time spent in this place.
 C = Inter-level travel time spent in this place.
 D = Time resting spent in this place.
 E = Time spent auto-exploring this place.
 F = Levels seen in this place.
 G = Mean time per level.
                   A        B        C        D        E       F      G
               +--------+--------+--------+--------+--------+-----+--------+
         Total |   1893 |   1817 |     76 |    644 |    913 |   2 |  946.5 |
       Dungeon |   1893 |   1817 |     76 |    644 |    913 |   2 |  946.5 |
               +--------+--------+--------+--------+--------+-----+--------+

Top non-repeatable levels by time:
     D:1: 1187 daAuts
     D:2: 705 daAuts
